 Dungeon Crawl Stone Soup version 0.27.1-34-g3ba077fa99 (webtiles) character file.

Game seed: 16694584951263661414

402 fishdoom the Shield-Bearer (level 6, -11/53 HPs)
             Began as a Gnoll Fighter on Jan 24, 2022.
             Was an Initiate of the Shining One.
             Splashed by Ijyb's acid (16 damage)
             ... on level 4 of the Dungeon.
             The game lasted 00:11:53 (3803 turns).

fishdoom the Shield-Bearer (Gnoll Fighter)          Turns: 3803, Time: 00:11:54

Health: -11/53     AC:  8    Str: 17    XL:     6   Next: 85%
Magic:  9/9        EV:  4    Int:  7    God:    the Shining One [......]
Gold:   148        SH: 15    Dex: 12    Spells: 9/9 levels left

rFire    + . .     SeeInvis .   a - +0 rapier
rCold    . . .     Faith    .   c - +0 kite shield
rNeg     . . .     Spirit   .   i - +0 plate armour
rPois    +         Reflect  +   (no helmet)
rElec    .         Harm     .   (no cloak)
rCorr    .         Rampage  .   (no gloves)
Will     .....                  k - +2 pair of boots
Stlth    ..........             h - amulet of reflection
HPRegen  0.17/turn              j - ring of poison resistance
MPRegen  0.11/turn              o - ring of protection from fire

@: corroded, glowing
A: fangs 1, strong nose, distributed training
a: Renounce Religion


You were on level 4 of the Dungeon.
You worshipped the Shining One.
The Shining One was noncommittal.
You visited 2 branches of the dungeon, and saw 5 of its levels.

You collected 148 gold pieces.

Inventory:

Hand Weapons
 a - a +0 rapier (weapon)
Armour
 b - a +0 scale mail
 c - a +0 kite shield (worn)
 i - a +0 plate armour (worn)
 k - a +2 pair of boots (worn)
 n - a +0 plate armour
Jewellery
 h - an amulet of reflection (around neck)
 j - a ring of poison resistance (left hand)
 o - a ring of protection from fire (right hand)
Scrolls
 e - a scroll of blinking {unknown}
 f - 2 scrolls of immolation
 l - a scroll of enchant armour {unknown}
 p - 2 scrolls of teleportation {unknown}
 q - a scroll of acquirement {unknown}
Potions
 d - 2 potions of might
 g - a potion of lignification
 m - 2 potions of curing


   Skills:
 + Level 6.9 Fighting
 + Level 5.0 Short Blades
 + Level 2.1 Long Blades
 + Level 2.1 Axes
 + Level 2.1 Maces & Flails
 + Level 2.1 Polearms
 + Level 2.1 Staves
 + Level 2.1 Slings
 + Level 2.1 Bows
 + Level 2.1 Crossbows
 + Level 2.1 Throwing
 + Level 6.9 Armour
 + Level 2.1 Dodging
 + Level 2.1 Stealth
 + Level 6.9 Shields
 + Level 2.1 Unarmed Combat
 + Level 2.1 Spellcasting
 + Level 1.7 Conjurations
 + Level 1.7 Hexes
 + Level 1.7 Summonings
 + Level 1.7 Necromancy
 + Level 1.7 Translocations
 + Level 1.7 Transmutations
 + Level 1.7 Fire Magic
 + Level 1.7 Ice Magic
 + Level 1.7 Air Magic
 + Level 1.7 Earth Magic
 + Level 1.7 Poison Magic
 + Level 2.3 Invocations
 + Level 2.1 Evocations


You had 9 spell levels left.
You didn't know any spells.
Your spell library contained the following spells:

 Spells                   Type           Power      Damage    Failure   Level
 Magic Dart               Conj           12%        1d3       100%        1
 Call Imp                 Summ           3%         N/A       100%        2
 Mephitic Cloud           Conj/Pois/Air  3%         N/A       100%        3
 Conjure Ball Lightning   Conj/Air       1%         3x3d6     100%        6
 Discord                  Hex            1%         N/A       100%        8
 Disjunction              Tloc           1%         N/A       100%        8


Dungeon Overview and Level Annotations

Branches:
Dungeon (4/15)             Temple (1/1) D:4

Altars:
Ashenzari
Cheibriados
Dithmenos
Elyvilon
Fedhas
Gozag
Hepliaklqana
Kikubaaqudgha
Makhleb
Nemelex Xobeh
Okawaru
Qazlal
Ru
Sif Muna
Trog
Uskayaw
Vehumet
Yredelemnul
Zin
The Shining One

Annotations:
D:4 Ijyb


Innate Abilities, Weirdness & Mutations

You have very sharp teeth.
Your uncanny sense of smell can sniff out nearby items.
Your experience applies equally to all skills.


Message History

Found a scroll labelled DUNURU GIEHUHO.
p - 2 scrolls labelled DUNURU GIEHUHO (gained 1)
You see here an adder skeleton.
A hobgoblin comes into view.
Found 20 stones.
The hobgoblin shouts!
A hobgoblin is nearby!
You hit the hobgoblin.
The hobgoblin is heavily wounded.
You block the hobgoblin's attack.
You hit the hobgoblin.
You kill the hobgoblin!
Found a scroll labelled IKOVOCH BIYZXA.
You see here a +0 plate armour.
n - a +0 plate armour
q - a scroll labelled IKOVOCH BIYZXA
Found a bone shortbow.
Ijyb the Twisted Goblin comes into view.
She is wielding a +0 dagger and carrying a wand of acid (7).
Ijyb shouts!
A quokka comes into view.
There are monsters nearby!
A ball python comes into view.
Found 17 gold pieces.
Found an escape hatch in the floor.
The ball python hisses angrily.
An iguana comes into view.
The iguana hisses angrily.
You puncture the quokka!
You kill the quokka!
You hit Ijyb but do no damage.
Ijyb zaps a wand.
The bolt of acid hits you. The acid corrodes you!
You are splashed with acid!
You hit Ijyb. You bite Ijyb, but do no damage.
Ijyb is lightly wounded.
Ijyb zaps a wand.
The bolt of acid hits you!!
You are splashed with acid!
* * * LOW HITPOINT WARNING * * *
You hit Ijyb.
Ijyb is moderately wounded.
Ijyb zaps a wand.
The bolt of acid hits you. The Shining One protects you from harm!
The acid corrodes you!
You are splashed with acid!
You die...

..........#########
.......##.# ......###.#
$ ......###.# ..
..........# .>.
####.#.#### l... #...#
.....
#####..###########......
................@gS)....
###.......#########.....
#.......# ... #.......#
# #.......# #.......#
#########


You could see Ijyb, an iguana and a ball python.

Vanquished Creatures
  A necrophage (D:4)
  2 ogres
  An orc wizard (D:3)
  A howler monkey skeleton (D:4)
  4 adders
  An adder skeleton (D:4)
  3 dart slugs
  9 orcs
  7 ball pythons
  3 bats
  7 endoplasms
  3 giant cockroaches
  4 goblins
  9 hobgoblins
  3 quokkas
  5 frilled lizards
  6 kobolds
  3 rats
72 creatures vanquished.

Vanquished Creatures (others)
  2 fungi (D:1)
2 creatures vanquished.

Grand Total: 74 creatures vanquished

Notes
Turn   | Place    | Note
-------+----------+-------------------------------------------
     0 | D:1      | fishdoom the Gnoll Fighter began the quest for the Orb.
     0 | D:1      | Reached XP level 1. HP: 23/23 MP: 1/1
    95 | D:1      | Reached XP level 2. HP: 17/29 MP: 2/2
   670 | D:1      | Reached XP level 3. HP: 35/35 MP: 3/3
   672 | D:1      | Found a faded altar of an unknown god.
   834 | D:2      | Reached skill level 1 in Invocations
  1600 | D:3      | Reached skill level 1 in Long Blades
  1600 | D:3      | Reached skill level 1 in Axes
  1600 | D:3      | Reached skill level 1 in Maces & Flails
  1600 | D:3      | Reached skill level 1 in Polearms
  1600 | D:3      | Reached skill level 1 in Staves
  1600 | D:3      | Reached skill level 1 in Slings
  1600 | D:3      | Reached skill level 1 in Bows
  1600 | D:3      | Reached skill level 1 in Crossbows
  1600 | D:3      | Reached skill level 1 in Throwing
  1600 | D:3      | Reached skill level 1 in Dodging
  1600 | D:3      | Reached skill level 1 in Stealth
  1600 | D:3      | Reached skill level 1 in Unarmed Combat
  1600 | D:3      | Reached skill level 1 in Spellcasting
  1600 | D:3      | Reached skill level 1 in Evocations
  1723 | D:3      | Found a glowing golden altar of the Shining One.
  1811 | D:3      | Became a worshipper of the Shining One
  1826 | D:3      | Noticed an ogre
  1833 | D:3      | Killed an ogre
  1834 | D:3      | Reached skill level 1 in Conjurations
  1834 | D:3      | Reached skill level 1 in Hexes
  1834 | D:3      | Reached skill level 1 in Summonings
  1834 | D:3      | Reached skill level 1 in Necromancy
  1834 | D:3      | Reached skill level 1 in Translocations
  1834 | D:3      | Reached skill level 1 in Transmutations
  1834 | D:3      | Reached skill level 1 in Fire Magic
  1834 | D:3      | Reached skill level 1 in Ice Magic
  1834 | D:3      | Reached skill level 1 in Air Magic
  1834 | D:3      | Reached skill level 1 in Earth Magic
  1834 | D:3      | Reached skill level 1 in Poison Magic
  1834 | D:3      | Reached XP level 4. HP: 11/41 MP: 4/6
  1834 | D:3      | Reached XP level 5. HP: 13/47 MP: 4/7
  2254 | D:3      | Found a glowing silver altar of Zin.
  2573 | D:3      | Found a hazy altar of Hepliaklqana.
  2574 | D:3      | Found a snail-covered altar of Cheibriados.
  2642 | D:4      | Noticed a necrophage
  2667 | D:4      | Killed a necrophage
  2668 | D:4      | Reached XP level 6. HP: 39/53 MP: 8/8
  3059 | D:4      | Reached skill level 5 in Short Blades
  3102 | D:4      | Found a staircase to the Ecumenical Temple.
  3305 | Temple   | Entered the Ecumenical Temple
  3797 | D:4      | Noticed Ijyb
  3803 | D:4      | The Shining One protects you from harm!
  3803 | D:4      | Splashed by Ijyb's acid

Illustrated notes

Levels and vault maps discovered:
D:1:      eino_arrival_cavern_e, layout_rooms,
          dreamdust_ecumenical_altar_hidden_monk_grotto, minmay_pentomino_o2
D:2:      layout_basic
D:3:      layout_loops_ring, zin_academy, gammafunk_temple_overflow_statue,
          tso_metal_star, minmay_parallelograms, corexii_hall_statues_s,
          nrook_uturn
D:4:      layout_rooms, minmay_temple_entry_ruins, uniq_ijyb
Temple:   eino_temple_rhombus

Skill      XL: |  1  2  3  4  5  6 |
---------------+-------------------+-----
Invocations    | 1 2 |  2.3
Long Blades    | 1 2 |  2.1
Axes           | 1 2 |  2.1
Maces & Flails | 1 2 |  2.1
Polearms       | 1 2 |  2.1
Staves         | 1 2 |  2.1
Slings         | 1 2 |  2.1
Bows           | 1 2 |  2.1
Crossbows      | 1 2 |  2.1
Throwing       | 1 2 |  2.1
Dodging        | 1 2 |  2.1
Stealth        | 1 2 |  2.1
Unarmed Combat | 1 2 |  2.1
Spellcasting   | 1 2 |  2.1
Evocations     | 1 2 |  2.1
Conjurations   | 1 |  1.7
Hexes          | 1 |  1.7
Summonings     | 1 |  1.7
Necromancy     | 1 |  1.7
Translocations | 1 |  1.7
Transmutations | 1 |  1.7
Fire Magic     | 1 |  1.7
Ice Magic      | 1 |  1.7
Air Magic      | 1 |  1.7
Earth Magic    | 1 |  1.7
Poison Magic   | 1 |  1.7
Short Blades   | 5 |  5.0
Fighting       | |  6.9
Armour         | |  6.9
Shields        | |  6.9

Action                   |  1- 3 |  4- 6 || total
-------------------------+-------+-------++-------
Melee: Rapier            |   110 |   124 ||   234
       Bite              |     8 |     9 ||    17
  Use: Scroll            |       |     4 ||     4
Armor: Scale mail        |    43 |    57 ||   100
Dodge: Dodged            |    24 |    27 ||    51
Block: Kite shield       |    55 |    97 ||   152
       Reflection        |     1 |     1 ||     2
